 Dungeon Crawl Stone Soup version 0.27.1-33-g824d729ab1 (webtiles) character file.

Game seed: 8794540166223669637

2450 styxcanada the Covert (level 9, -2/45 HPs)
             Began as a Spriggan Brigand on Dec 10, 2021.
             Slain by a gnoll (11 damage)
             ... on level 7 of the Dungeon.
             The game lasted 00:29:47 (6944 turns).

styxcanada the Covert (Spriggan Brigand)            Turns: 6944, Time: 00:29:48

Health: -2/45      AC:  6    Str:  9      XL:     9   Next: 25%
Magic:  10/10      EV: 25    Int: 13      God:
Gold:   473        SH:  0    Dex: 17 (19) Spells: 8/8 levels left

rFire    . . .     SeeInvis +   p - +3 dagger (venom)
rCold    . . .     Faith    .   (shield restricted)
rNeg     . . .     Spirit   .   e - +2 robe {Will+}
rPois    .         Reflect  .   (helmet restricted)
rElec    .         Harm     .   c - +1 cloak
rCorr    .         Rampage  .   (gloves unavailable)
Will     +++..                  (boots unavailable)
Stlth    +++++.....             y - amulet of regeneration
HPRegen  1.15/turn              G - +4 ring of evasion
MPRegen  0.12/turn              D - +4 ring of slaying

@: very quick
A: very small, no large weapons, unfitting armour, see invisible, speed 3,
talons 1, strong-willed 1, strong 1, MP-powered wands
a: no special abilities


You were on level 7 of the Dungeon.
You visited 1 branch of the dungeon, and saw 7 of its levels.
You also visited: Sewer.

You collected 473 gold pieces.

Inventory:

Hand Weapons
 a - a +2 dagger
 j - a +4 hunting sling of flaming
 o - a +3 quarterstaff of chaos
 p - a +3 dagger of venom (weapon)
Missiles
 b - 8 curare-tipped darts
 d - 19 poisoned darts (quivered)
 f - 372 stones
 r - 48 sling bullets
Armour
 c - a +1 cloak (worn)
 e - a +2 robe of willpower (worn)
Jewellery
 q - a ring of flight
 y - an amulet of regeneration (around neck)
 z - a ring of wizardry
 C - a ring of fire
 D - a +4 ring of slaying (right hand)
 F - a ring of magical power
 G - a +4 ring of evasion (left hand)
 H - an amulet of the acrobat
Wands
 i - a wand of flame (30)
 I - a wand of mindburst (11)
Scrolls
 n - 2 scrolls of magic mapping
 u - 3 scrolls of fear
 v - 2 scrolls of blinking
 A - a scroll of teleportation
 E - a scroll of amnesia
Potions
 g - a potion of attraction {unknown}
 h - a potion of flight {unknown}
 k - 4 potions of curing
 l - 7 potions of haste
 m - 3 potions of mutation
 s - a potion of invisibility {unknown}
 t - a potion of heal wounds
 w - a potion of lignification {unknown}
 x - a potion of cancellation {unknown}
 B - a potion of brilliance
 J - a potion of berserk rage {unknown}


   Skills:
 + Level 3.7 Fighting
 + Level 5.6 Short Blades
 + Level 3.2(4.4) Slings
 + Level 3.6(4.1) Throwing
 * Level 7.3 Dodging
 * Level 12.1 Stealth
 * Level 4.9 Evocations


You had 8 spell levels left.
You didn't know any spells.
Your spell library contained the following spells:

 Spells                   Type           Power      Damage    Failure   Level
 Summon Lightning Spire   Summ/Air       0%         N/A       97%         4
 Storm Form               Tmut/Air       0%         N/A       100%        7
 Maxwell's Capacitive Co  Air            0%         ∞         100%        8


Dungeon Overview and Level Annotations

Branches:
Dungeon (7/15)              Sewer (visited)
 Temple: D:4-7

Altars:
Fedhas
Qazlal
Sif Muna
Vehumet
Yredelemnul


Innate Abilities, Weirdness & Mutations

You are very small and have problems with some larger weapons.
You are too small for most types of armour.
You have supernaturally acute eyesight. (SInv)
You cover ground extremely quickly. (Speed+++)
You have sharp toenails.
You are strong-willed. (Will+)
Your muscles are strong. (Str +2)
You expend magic power (3 MP) to strengthen your wands.


Message History

The helpless gnoll fails to defend itself.
You stick the gnoll like a pincushion!!!!
You kill the gnoll!
The orc warrior shouts!
The gnoll shaman shouts!
The orc wizard shouts! x2
The orc wizard mumbles some strange words.
The orc wizard flickers and vanishes for a moment.
The gnoll misses you. The gnoll shaman completely misses you.
The orc warrior hits you with a +0 trident!
The orc shouts!
Things that are here:
a +0 whip; a gnoll corpse The orc wizard casts a spell at you.
The puff of flame misses you.
The puff of flame hits the orc wizard!
The gnoll misses you.
The gnoll shaman calls upon its god to speed up the gnoll.
The gnoll seems to speed up.
The orc wizard hits you with a +0 dagger.
The orc warrior hits you with a +0 trident!
You hit the orc wizard.
The orc wizard is poisoned.
The orc wizard is lightly wounded.
The gnoll misses you.
Unknown command.
You completely miss the orc wizard.
The orc wizard is moderately wounded.
The orc wizard misses you. The orc wizard barely misses you.
The orc warrior misses you.
Unknown command.
You closely miss the orc wizard.
You claw the orc wizard, but do no damage.
The orc wizard is moderately wounded.
The gnoll completely misses you. The orc wizard closely misses you.
The orc wizard barely misses you.
The orc warrior hits you with a +0 trident!
* * * LOW HITPOINT WARNING * * *
The orc wizard gestures wildly while chanting.
The orc wizard flickers and vanishes for a moment.
Things that are here:
a +0 whip; a gnoll corpse The gnoll hits you with a +0 halberd!
You die...

#......# #... #......#
#... #......# #...
########......###...
#≈≈≈≈≈≈≈≈≈....#.....
#≈##≈≈≈##≈#####.....
#≈#######≈ #....#
##≈≈#g.o#≈≈#####....#
#...@)o$#≈≈..........
#.≈≈#ogo#≈≈.........#
#.≈#######≈..........
#.≈##≈≈≈##≈..........
#|≈≈≈≈≈≈≈≈≈..........
#.#########..........
#.###########........
#........# #.#......
######......####.#......


You could see an orc warrior, a gnoll shaman, 2 orc wizards, a gnoll (fast) and
an orc.

Vanquished Creatures
  Sigmund (D:3)
  A steam dragon (D:7)
  5 sky beasts
  A black bear (D:5)
  A centaur (D:7)
  2 phantoms
  Blork the orc (D:5)
  A gnoll sergeant (D:7)
  3 bullfrogs
  5 killer bees (D:7)
  An electric eel (D:7)
  2 jellies
  A gnoll shaman (D:5)
  2 bullfrog skeletons
  An orc priest (D:5)
  A hound (D:6)
  Crazy Yiuf (D:3)
  Jessica (D:2)
  Terence (D:2)
  Natasha (thrice) (D:4)
  2 iguanas
  Robin (D:4)
  11 gnolls
  A howler monkey skeleton (D:6)
  7 river rats
  12 adders
  2 ufetubi
  7 orcs
  4 endoplasms
  6 giant cockroaches
  8 hobgoblins
  2 quokkas
  13 ball pythons
  5 bats
  5 frilled lizards
  12 goblins
  11 kobolds
  28 rats
172 creatures vanquished.

Vanquished Creatures (others)
  3 toadstools (D:1)
3 creatures vanquished.

Grand Total: 175 creatures vanquished

Notes
Turn   | Place    | Note
-------+----------+-------------------------------------------
     0 | D:1      | styxcanada the Spriggan Brigand began the quest for the
                  | Orb.
     0 | D:1      | Reached XP level 1. HP: 10/10 MP: 2/2
    16 | D:1      | Reached skill level 6 in Stealth
   256 | D:1      | Reached XP level 2. HP: 14/14 MP: 3/3
   975 | D:1      | Found a faded altar of an unknown god.
  1371 | D:2      | Noticed Terence
  1394 | D:2      | Killed Terence
  1395 | D:2      | Reached skill level 7 in Stealth
  1395 | D:2      | Reached XP level 3. HP: 18/18 MP: 4/4
  1676 | D:2      | Noticed Jessica
  1683 | D:2      | Killed Jessica
  1684 | D:2      | Reached XP level 4. HP: 23/23 MP: 5/5
  1869 | D:3      | Identified a scroll of acquirement
  1869 | D:3      | Acquired a +3 hunting sling of flaming
  1946 | D:3      | Found a runed translucent door.
  1947 | D:3      | Noticed Crazy Yiuf
  1983 | D:3      | Noticed Sigmund
  2010 | D:3      | Killed Sigmund
  2011 | D:3      | Reached skill level 8 in Stealth
  2011 | D:3      | Reached XP level 5. HP: 18/26 MP: 6/6
  2326 | D:3      | Killed Crazy Yiuf
  2327 | D:3      | Reached skill level 9 in Stealth
  2327 | D:3      | Reached XP level 6. HP: 30/30 MP: 7/7
  2735 | D:3      | Found a blossoming altar of Fedhas.
  2774 | D:3      | Found a basalt altar of Yredelemnul.
  2968 | D:4      | Noticed Natasha
  2972 | D:4      | Killed Natasha
  3014 | D:4      | Found a glowing drain.
  3017 | D:4      | Noticed Natasha
  3024 | Sewer    | Entered a sewer
  3866 | Sewer    | Gained mutation: You are strong-willed. (Will+) [potion of
                  | mutation]
  3866 | Sewer    | Gained mutation: You have sharp toenails. [potion of
                  | mutation]
  3866 | Sewer    | Gained mutation: Your muscles are strong. (Str +2) [potion
                  | of mutation]
  3866 | Sewer    | Gained mutation: You expend magic power (3 MP) to
                  | strengthen your wands. [potion of mutation]
  3873 | Sewer    | Reached XP level 7. HP: 27/35 MP: 8/8
  3890 | Sewer    | Reached skill level 10 in Stealth
  4390 | D:4      | Killed Natasha
  4574 | D:4      | Noticed Robin
  4585 | D:4      | Killed Robin
  4714 | D:4      | Noticed Natasha
  4722 | D:4      | Killed Natasha
  4723 | D:4      | Reached skill level 1 in Evocations
  4950 | D:5      | Entered Level 5 of the Dungeon
  4994 | D:5      | Reached skill level 5 in Dodging
  5066 | D:5      | Found a shimmering blue altar of Sif Muna.
  5120 | D:5      | Found a radiant altar of Vehumet.
  5174 | D:5      | Reached XP level 8. HP: 40/40 MP: 9/9
  5333 | D:5      | Reached skill level 1 in Slings
  5566 | D:5      | Noticed Blork the orc
  5580 | D:5      | Killed Blork the orc
  6023 | D:6      | Reached skill level 11 in Stealth
  6187 | D:6      | Reached skill level 5 in Short Blades
  6529 | D:7      | Found a stormy altar of Qazlal.
  6532 | D:7      | Noticed an air elemental
  6709 | D:7      | Reached XP level 9. HP: 44/44 MP: 8/10
  6927 | D:7      | Reached skill level 12 in Stealth
  6944 | D:7      | Slain by a gnoll

Illustrated notes

Levels and vault maps discovered:
D:1:      arrival_zaba_pyramid, layout_basic,
          hellmonk_ecumenical_altar_leap_of_faith, minmay_gold_behind_fungi
D:2:      layout_basic, uniq_jessica, uniq_terence
D:3:      layout_basic, mainiacjoe_overflow_two_lobes, minmay_fractal_squares_5,
          uniq_sigmund, uniq_crazy_yiuf_cottage
D:4:      layout_loops_ring, portal_sewer_entry_a, uniq_natasha, uniq_robin
D:5:      layout_loops_ring, vehumet_altar_wand_db, lemuel_doored_altar,
          serial_glass, glass_columns_a, glass_columns_c, item_on_display_a,
          chequers_serial_rivers_micro_e, uniq_blork_the_orc
D:6:      layout_loops_cross
D:7:      layout_basic, nicolae_qazlal_style_of_elements,
          minmay_temple_entry_overgrown, nicolae_take_the_stairs,
          lightli_minifort

Skill      XL: |  1  2  3  4  5  6  7  8  9 |
---------------+----------------------------+-----
Stealth        | 6 7 8 9 10 11 12 | 12.1
Dodging        | 2 3 4 5 7 |  7.3
Fighting       | 2 3 |  3.7
Short Blades   | 3 4 5 |  5.6
Evocations     | 2 4 |  4.9
Throwing       | 3 |  3.6
Slings         | 2 3 |  3.2

Action                   |  1- 3 |  4- 6 |  7- 9 || total
-------------------------+-------+-------+-------++-------
Melee: Dagger            |    64 |   136 |   206 ||   406
       Kick              |       |     1 |    56 ||    57
 Fire: Hunting sling     |       |    15 |    29 ||    44
Throw: Dart              |    11 |    12 |    26 ||    49
Evoke: Wand              |       |       |     1 ||     1
  Use: Scroll            |       |     4 |     7 ||    11
       Potion            |       |     2 |     4 ||     6
 Stab: Sleeping          |    11 |    12 |    15 ||    38
       Distracted        |       |     1 |     1 ||     2
Armor: Robe              |     9 |    29 |    27 ||    65
Dodge: Dodged            |    40 |   196 |   143 ||   379
